 Dungeon Crawl Stone Soup version 0.25-a0-565-g8875c97ebb (webtiles) character file.

Game seed: 11287950066248909109, levelgen mode: deterministic

5639 MisterFreud the Protected (level 10, -11/88 HPs)
             Began as a Troll Chaos Knight on Feb 26, 2020.
             Was an Elder of Okawaru.
             Killed by nerve-wracking pain
             ... invoked by an orc priest
              (14 damage)
             ... on level 9 of the Dungeon.
             The game lasted 00:16:48 (7183 turns).

MisterFreud the Protected (Troll Chaos Knight)      Turns: 7183, Time: 00:16:49

Health: -11/88     AC: 19    Str: 24 (25) XL:     10   Next: 46%
Magic:  13/13      EV:  9    Int:  6 (8)  God:    Okawaru [****..]
Gold:   313        SH:  0    Dex:  9      Spells: 9/9 levels left

rFire    + . .     SeeInvis .     - Unarmed
rCold    . . .     Gourm    +   (no shield)
rNeg     . . .     Faith    .   y - +0 fire dragon scales
rPois    +         Spirit   .   (helmet restricted)
rElec    .         Reflect  .   v - +2 cloak {rPois}
rCorr    .         Harm     .   (gloves unavailable)
MR       .....                  (boots unavailable)
Stlth    ..........             (no amulet)
HPRegen  0.64/turn              g - ring of flight
MPRegen  0.13/turn              I - ring of ice

@: no status effects
A: large, unfitting armour, claws 3, deterioration 2, fast metabolism 3,
gourmand, regeneration 1, shaggy fur 1, tough skin 3
a: Heroism, Renounce Religion, Evoke Flight


You were on level 9 of the Dungeon.
You worshipped Okawaru.
Okawaru was greatly pleased with you.
You were full.

You visited 2 branches of the dungeon, and saw 10 of its levels.
You also visited: Sewer.

You collected 378 gold pieces.
You spent 65 gold pieces at shops.

Inventory:

Missiles
 q - 5 large rocks (quivered)
 r - 12 boomerangs
 K - a throwing net
Armour
 a - a +2 robe
 v - a +2 cloak of poison resistance (worn)
 y - +0 fire dragon scales (worn)
Jewellery
 g - a ring of flight (left claw)
 p - an uncursed ring of wizardry
 I - a ring of ice (right claw)
Wands
 t - a wand of scattershot (6)
 z - a wand of flame (13)
 A - a wand of digging (5)
Scrolls
 d - 3 scrolls of remove curse
 k - 6 scrolls of teleportation
 m - a scroll of noise
 n - 2 scrolls of enchant weapon
 w - a scroll of magic mapping {unknown}
 x - a scroll of immolation {unknown}
 B - a scroll of amnesia {unknown}
 E - a scroll of fear {unknown}
 F - a scroll of fog {unknown}
 H - 2 scrolls of enchant armour {unknown}
Potions
 c - 4 potions of haste
 e - 2 potions of lignification
 f - 2 potions of invisibility
 h - 2 potions of stabbing
 i - 2 potions of brilliance
 j - a potion of flight {unknown}
 l - 8 potions of curing
 o - a potion of mutation {unknown}
 s - 2 potions of might
 u - a potion of cancellation {unknown}
 C - a potion of heal wounds
 D - a potion of magic {unknown}
 G - 2 potions of berserk rage {unknown}
 J - a potion of degeneration {unknown}
Comestibles
 b - 17 rations


   Skills:
 - Level 2.4 Fighting
 + Level 9.9 Armour
 - Level 3.3 Dodging
 - Level 8.2 Unarmed Combat
 - Level 5.5 Invocations


You had 9 spell levels left.
You didn't know any spells.
Your spell library contained the following spells:

 Spells                   Type           Power        Failure   Level  Hunger
 Bolt of Magma            Conj/Fire/Erth #.........   100%        5    ######.
 Iskenderun's Battlesphe  Conj/Chrm      #.......     100%        5    ######.
 Iron Shot                Conj/Erth      #.........   100%        6    #######
 Orb of Destruction       Conj           #.........   100%        7    #######
 Spellforged Servitor     Conj/Summ      #.........   100%        7    #######


Dungeon Overview and Level Annotations

Branches:
Dungeon (9/15)             Temple (1/1) D:5           Sewer (visited)
   Lair: D:8-11         Orc: D:9-12

Altars:
Ashenzari
Dithmenos
Fedhas
Gozag
Hepliaklqana
Makhleb
Nemelex Xobeh
Okawaru
Qazlal
Ru
Sif Muna
Trog
Uskayaw
Vehumet
Xom
Yredelemnul
Zin
Beogh

Shops:
D:5 !

Annotations:
D:3 3 runed translucent doors, kae's ghost, amateur DsGl
D:4 2 transporters, Yermak's ghost, amateur CeIE
D:9 Maurice


Innate Abilities, Weirdness & Mutations

You are too large for most types of armour.
You have claws for hands.
Your metabolism is lightning-fast.
You like to eat raw meat.
Your natural rate of healing is unusually fast.
You are covered in fur. (AC +1)
You have extremely tough skin. (AC +3)
Your body often deteriorates upon taking damage.


Message History

The bullfrog hits you but does no damage.
The bullfrog misses you.
A gnoll comes into view.
The gnoll shouts!
The bullfrog releases a deep croak.
As you read the scroll of teleportation, it crumbles to dust.
You feel strangely unstable.
The bullfrog hits you but does no damage.
The orc warrior hits you with a +0 short sword.
* * * LOW HITPOINT WARNING * * *
The bullfrog hits you but does no damage.
The gnoll misses you.
A gnoll comes into view. It is wielding a +0 flail.
Your surroundings suddenly seem different.
Maurice the Thief comes into view.
He is wielding a +0 short sword and carrying a wand of disintegration (14).
Maurice shouts!
The orc priest mumbles some strange prayers to Beogh against you.
Pain shoots through your body!
You die...
Xom laughs nastily!

#......♣.).#.### #
#o......##)#.###.#
##........##.)...$.#
..........##.#..#..# .
............o#g.#..#g.
.....♣♣...o#oF........
.....♣..o..o##...g....
.........o.# #.......#
♣......@T.# #.......#
⌠♣....@....# #.......#
####.#.##.# #.......#
#.#.# # #.......# #
#.# #.......# #.#
######### #.# ...


You could see Maurice, a troll, 2 orc warriors, a bullfrog, an orc priest, a
gnoll and 3 orcs.

Vanquished Creatures
  A two-headed ogre (D:9)
  2 hippogriffs (D:7)
  2 hungry ghosts
  Duvessa (D:7)
  An orc warrior (D:7)
  2 sky beasts
  3 phantoms
  A black bear (D:8)
  6 ogres
  3 centaurs
  5 big kobolds (Sewer)
  5 bullfrogs
  Dowan (D:7)
  3 scorpions
  5 killer bees (D:7)
  4 howler monkeys
  3 wights (D:9)
  5 crimson imps
  A quasit (D:4)
  3 bullfrog zombies
  3 hounds (D:4)
  7 orc priests
  Crazy Yiuf (D:3)
  A jelly (D:7)
  7 orc wizards
  2 centaur skeletons
  3 iguanas
  Natasha (thrice) (D:2)
  5 worker ants
  2 hound zombies (D:7)
  A worker ant zombie (D:9)
  3 gnolls (D:7)
  10 adders
  3 river rats
  A shadow imp (D:5)
  5 oozes
  2 adder skeletons
  9 worms
  2 dart slugs
  6 leopard geckos
  25 orcs
  6 giant cockroaches
  8 goblins
  11 hobgoblins
  8 jackals
  12 kobolds
  6 ball pythons
  6 bats
  2 frilled lizards
  9 rats
226 creatures vanquished.

Notes
Turn   | Place    | Note
-------+----------+-------------------------------------------
     0 | D:1      | MisterFreud the Troll Chaos Knight began the quest for the
                  | Orb.
     0 | D:1      | Reached XP level 1. HP: 22/22 MP: 0/0
     0 | D:1      | Fell from the grace of Xom
    98 | D:1      | XOM: 4-stop teleportation journey
   274 | D:1      | Reached XP level 2. HP: 29/29 MP: 1/1
   729 | D:1      | XOM: stat loss: -2 Str (17/19)
   872 | D:2      | Noticed Natasha
   883 | D:2      | Killed Natasha
   883 | D:2      | Reached XP level 3. HP: 36/36 MP: 2/2
   892 | D:2      | Noticed Natasha
   896 | D:2      | Killed Natasha
   924 | D:2      | Noticed Natasha
   928 | D:2      | Killed Natasha
   928 | D:2      | Reached skill level 5 in Unarmed Combat
   928 | D:2      | Reached XP level 4. HP: 44/44 MP: 3/3
   977 | D:2      | XOM: give mutations
   977 | D:2      | Gained mutation: You are dopey. (Int -2) [Xom's mischief]
   977 | D:2      | Gained mutation: Your body sometimes deteriorates upon
                  | taking damage. [Xom's mischief]
   977 | D:2      | Lost mutation: You are dopey. (Int -2) [Xom's mischief]
   977 | D:2      | Gained mutation: Your body often deteriorates upon taking
                  | damage. [Xom's mischief]
  1126 | D:2      | XOM: scenery: create altars
  1325 | D:2      | XOM: severe Air miscast
  1574 | D:2      | XOM: medium Necr miscast
  1735 | D:3      | Reached XP level 5. HP: 44/50 MP: 4/4
  1770 | D:3      | XOM: polymorph orc -> jackal
  2234 | D:3      | Found a runed translucent gate.
  2235 | D:3      | Found a runed translucent gate.
  2237 | D:3      | Found a runed translucent gate.
  2269 | D:3      | Found a runed translucent door.
  2270 | D:3      | Noticed Crazy Yiuf
  2304 | D:3      | Noticed kae's ghost (amateur DsGl)
  2306 | D:3      | Identified the +4 scale mail of Elyvilon's Whim {Int+4
                  | SInv}
  2307 | D:3      | Found a roughly hewn altar of Beogh.
  2733 | D:3      | Killed Crazy Yiuf
  2733 | D:3      | Reached XP level 6. HP: 59/59 MP: 5/5
  2862 | D:4      | XOM: summons 2 hostile shadow creatures
  3157 | D:4      | Noticed Yermak's ghost (amateur CeIE)
  3173 | D:4      | Identified the +1 leather armour of the Apprentice {MP+9}
  3232 | D:4      | XOM: mild Tmut miscast
  3249 | D:4      | Found a transporter.
  3255 | D:4      | Found a transporter.
  3278 | D:4      | Reached XP level 7. HP: 66/66 MP: 6/6
  3630 | D:5      | Entered Level 5 of the Dungeon
  3634 | D:5      | Reached skill level 1 in Armour
  3673 | D:5      | Found a radiant altar of Vehumet.
  3696 | D:5      | Reached skill level 2 in Armour
  3715 | D:5      | Found a staircase to the Ecumenical Temple.
  3726 | Temple   | Entered the Ecumenical Temple
  3805 | Temple   | Became a worshipper of Warmaster Okawaru
  3980 | D:5      | Reached skill level 3 in Armour
  3980 | D:5      | Reached XP level 8. HP: 69/74 MP: 7/7
  3990 | D:5      | Found Zeavimmu's Distillery.
  3993 | D:5      | Bought a potion of heal wounds for 65 gold pieces
  4022 | D:5      | Found a shattered altar of Ashenzari.
  4102 | D:5      | Reached skill level 4 in Armour
  4164 | D:5      | XOM: fog
  4212 | D:5      | Reached skill level 5 in Armour
  4395 | D:5      | Reached * piety under Okawaru
  4512 | D:6      | Reached skill level 6 in Armour
  4548 | D:6      | Found a glowing drain.
  4552 | Sewer    | Entered a sewer
  4847 | Sewer    | Reached ** piety under Okawaru
  4850 | Sewer    | Reached XP level 9. HP: 79/80 MP: 8/8
  4974 | Sewer    | Reached skill level 7 in Armour
  5201 | D:6      | XOM: summons 1 hostile demon
  5739 | D:6      | Reached skill level 8 in Armour
  5739 | D:6      | Reached skill level 1 in Invocations
  5768 | D:7      | XOM: enchant monster (bad)
  5842 | D:7      | Noticed Dowan
  5849 | D:7      | Killed Dowan
  5875 | D:7      | Noticed Duvessa
  5892 | D:7      | Killed Duvessa
  5926 | D:7      | Reached *** piety under Okawaru
  5944 | D:7      | XOM: confusion (+ monsters)
  6097 | D:7      | Reached skill level 9 in Armour
  6097 | D:7      | Reached XP level 10. HP: 77/88 MP: 12/12
  6183 | D:7      | XOM: harmless Necr miscast
  6227 | D:7      | XOM: harmless Tloc miscast
  6526 | D:8      | XOM: harmless Summ miscast
  6770 | D:8      | Reached **** piety under Okawaru
  6881 | D:8      | XOM: harmless Conj miscast
  6951 | D:9      | XOM: harmless Necr miscast
  6975 | D:9      | Noticed a two-headed ogre
  6983 | D:9      | Killed a two-headed ogre
  6983 | D:9      | Reached skill level 5 in Invocations
  7181 | D:9      | HP: 2/88 [orc warrior/+0 short sword (6)]
  7183 | D:9      | Noticed Maurice
  7183 | D:9      | Killed from afar by an orc priest

Levels and vault maps discovered:
D:1:      dpeg_arrival_refuge, layout_basic, serial_curves, eino_curves_02,
          eino_curves_04, minivault_5, minmay_strange_pillars,
          chequers_serial_rivers_micro_a, skrybe_limestone_x
D:2:      layout_loops_corners, uniq_natasha
D:3:      layout_rooms, biasface_ghost_orc_armoury, first_ration, st_stairs_11,
          uniq_crazy_yiuf_cottage
D:4:      layout_basic, gammafunk_ghost_smash
D:5:      layout_gridville, vehumet_altar_wand_db, minmay_temple_entry_arrows,
          serial_shops, nicolae_shop_behind_doors, basic_altar
D:6:      layout_loops_ring, gup_sewer_entry_spiral
D:7:      layout_rooms, uniq_duvessa
D:8:      corexii_shack_village, layout_cave_pools, grunt_ogre_cave
D:9:      layout_loops_cross, palyth_stone_intersect,
          kennysheep_decorative_pillar, uniq_maurice
Temple:   regret_index_temple_sigil_plot

Skill      XL: |  1  2  3  4  5  6  7  8  9 10 |
---------------+-------------------------------+-----
Unarmed Combat | 4 5 6 8 |  8.2
Dodging        | 3 |  3.3
Armour         | 3 6 9 |  9.9
Invocations    | 4 5 |  5.5
Fighting       | |  2.4

Action                   |  1- 3 |  4- 6 |  7- 9 | 10-12 || total
-------------------------+-------+-------+-------+-------++-------
Melee: Unarmed           |    49 |   179 |   467 |   138 ||   833
       Punch             |     1 |     2 |     7 |     6 ||    16
Invok: Renounce Religion |     1 |       |       |       ||     1
Evoke: Wand              |       |       |       |     1 ||     1
  Use: Scroll            |       |     5 |     5 |     1 ||    11
 Stab: Sleeping          |     1 |       |       |       ||     1
  Eat: Chunk             |     8 |    26 |    28 |    24 ||    86
       Ration            |       |       |     2 |       ||     2
Armor: Robe              |    15 |    66 |     6 |       ||    87
       Fire dragon scale |       |       |   237 |    64 ||   301
Dodge: Dodged            |    28 |    81 |   188 |    61 ||   358

Table legend:
 A = Non-vault XP
 B = Vault XP
 C = Vault XP percentage of total XP
 D = Non-vault monster count
 E = Vault monster count
 F = Vault count percentage of total count
                 A         B        C        D         E       F
            +---------+---------+-------+---------+---------+-------
      Total |    6978 |    1079 |  13.4 |     171 |      55 |  24.3
            +---------+---------+-------+---------+---------+-------
        D:1 |      22 |       0 |   0.0 |      13 |       0 |   0.0
        D:2 |     126 |      37 |  22.7 |      15 |       2 |  11.8
        D:3 |     151 |      45 |  23.0 |      24 |       3 |  11.1
        D:4 |     716 |       0 |   0.0 |      21 |       0 |   0.0
        D:5 |    1084 |       1 |   0.1 |      25 |       1 |   3.8
        D:6 |     965 |      39 |   3.9 |      14 |       7 |  33.3
        D:7 |    1822 |     211 |  10.4 |      33 |       2 |   5.7
        D:8 |     333 |     139 |  29.4 |       9 |      12 |  57.1
        D:9 |    1759 |       0 |   0.0 |      17 |       0 |   0.0
      Sewer |       0 |     607 | 100.0 |       0 |      28 | 100.0
            +---------+---------+-------+---------+---------+-------
